AoeStats
← HINIIRU

Yucatan

510813240Analyzed
2v2 RM · 12h ago on Oct 2, 2026· 54m 14s· 4 players
Game mode
Random Map
Map size
Medium (4 player)
Population
200
Speed
Normal
Resources
Standard
Victory
Conquest
Starting age
Dark Age
Ending age
Imperial Age
RankedLock teamsTeams togetherTeam positionsShared explorationLock speedFull tech treeHidden civsTurbo modeCheats
Victory
Defeat
🇨🇿 Mongols · Czechia
1177
+16
🇨🇿 Byzantines · Czechia
1143
+46
🇩🇪 Saxons · Germany
1173
-16
🇩🇪 Varangians · Germany
1173
-17
JamieLannister
10:14 Feudal Age
10:53 Double-Bit Axe
11:23 Loom
13:42 Castle Age
12:38 Bloodlines
12:53 Forging
19:20 Loom
23:54 Horse Collar
25:01 Wheelbarrow
25:34 Bow Saw
28:12 Hand Cart
29:07 Fletching
29:42 Heavy Plow
30:27 Ballistics
30:04 Bodkin Arrow
31:55 Thumb Ring
31:59 Padded Archer Armor
32:02 Husbandry
35:19 Imperial Age
33:08 Leather Archer Armor
34:20 Masonry
34:11 Gold Mining
35:56 Gold Shaft Mining
35:21 Town Watch
36:01 Bracer
35:44 Elite Mangudai
37:26 Chemistry
37:02 Parthian Tactics
41:20 Conscription
41:40 Scale Barding Armor
40:56 Light Cavalry
42:39 Iron Casting
42:05 Hussar
43:22 Chain Barding Armor
43:30 Siege Engineers
45:14 Blast Furnace
52:38 Hoardings
53:35 Stone Mining
Housed, M.D.
7:47 Loom
11:49 Feudal Age
15:52 Double-Bit Axe
20:09 Castle Age
21:01 Husbandry
21:09 Scale Barding Armor
21:15 Forging
21:51 Horse Collar
22:45 Bow Saw
26:44 Wheelbarrow
30:04 Chain Barding Armor
34:04 Heavy Plow
36:45 Imperial Age
34:22 Gold Mining
37:08 Hand Cart
38:41 Plate Barding Armor
39:47 Elite Cataphract
42:24 Logistica
43:23 Logistica
45:55 Iron Casting
47:15 Crop Rotation
47:24 Gold Shaft Mining
48:58 Conscription
49:41 Chemistry
49:46 Two-Man Saw
48:36 Elite Skirmisher
49:22 Thumb Ring
49:15 Fletching
49:25 Padded Archer Armor
51:05 Hoardings
52:58 Bodkin Arrow
HINIIRU
10:47 Feudal Age
15:14 Castle Age
15:53 Double-Bit Axe
15:51 Horse Collar
18:49 Bow Saw
18:09 Pikeman
20:48 Forging
23:16 Heavy Plow
26:38 Wheelbarrow
30:40 Imperial Age
28:16 Squires
28:30 Gambesons
28:48 Scale Mail Armor
30:28 Iron Casting
30:20 Fletching
30:32 Padded Archer Armor
31:06 Ballistics
31:15 Hand Cart
31:18 Crossbowman
33:54 Arbalester
36:32 Bodkin Arrow
37:05 Thumb Ring
38:08 Conscription
38:02 Loom
42:19 Bracer
43:44 Chemistry
45:10 Two-Man Saw
46:52 Leather Archer Armor
51:08 Elite Skirmisher
53:33 Ring Archer Armor
MrHonigkuchen
8:54 Loom
11:14 Feudal Age
12:00 Double-Bit Axe
15:00 Castle Age
16:01 Bow Saw
17:34 Fletching
17:39 Horse Collar
18:13 Pikeman
22:07 Squires
23:59 Wheelbarrow
26:46 Heavy Plow
27:26 Hand Cart
27:05 Gold Mining
27:14 Stone Mining
29:15 Scale Barding Armor
29:21 Forging
29:19 Scale Barding Armor
32:50 Imperial Age
30:48 Scale Barding Armor
30:54 Forging
31:03 Town Watch
31:32 Bloodlines
31:23 Husbandry
32:01 Chain Barding Armor
33:38 Iron Casting
32:58 Cavalier
34:17 Plate Barding Armor
34:18 Iron Casting
35:28 Conscription
37:12 Vendel Legacy
45:13 Blast Furnace
44:55 Bodkin Arrow
46:16 Elite Skirmisher
48:38 Bracer
49:11 Padded Archer Armor
52:26 Leather Archer Armor
Connection lost

Rejoining the realm…

Still unreachable

The connection could not be restored.

Session expired

The server has moved on; the page needs a fresh start.